Map: King Sejong Station LE

Players

KingRaze

  • Race: Terran Terran
  • League: Master

puCK (Nina) - Winner!

  • Race: Protoss Protoss
  • League: Master

VOD

Have the link to the VOD?

Description

Time

  • Played on: Oct. 25, 2016, 9:39 p.m.
  • Length: 14:18
Show
View Real Time Build Order
Export as new Build Order

KingRaze Terran 

Build Orders: MMM Bio 

Get SALT Encoding   

  12  0:00  SCV  
  13  0:13  SCV  
  14  0:17  Supply Depot  
  14  0:25  SCV  
  15  0:38  SCV  
  15  0:42  Barracks  
  16  0:47  Refinery  
  16  0:50  SCV  
  17  1:03  SCV  
  18  1:15  SCV  
  19  1:29  Orbital Command  
  19  1:30  Barracks Reactor  
  19  1:41  Command Center, Unknown  
  19  1:51  Barracks  
  19  1:55  SCV  
  20  2:03  Supply Depot  
  20  2:07  SCV  
  21  2:08  Marine  
  21  2:09  Marine  
  23  2:24  SCV  
  23  2:26  Marine  
  23  2:27  Marine  
  26  2:36  SCV  
  27  2:39  Barracks Tech Lab  
  27  2:43  Command Center, Unknown  
  27  2:49  SCV  
  27  2:51  Marine x2  
  30  2:52  Unknown  
  30  2:58  Orbital Command  
  30  3:01  SCV  
  31  3:06  Stimpack  
  31  3:10  Marine x2  
  33  3:12  Marine  
  33  3:15  SCV  
  35  3:24  SCV  
  36  3:28  SCV, Marine x2  
  36  3:30  Marine  
  40  3:36  Barracks  
  40  3:39  SCV  
  40  3:40  SCV  
  42  3:45  Marine  
  42  3:46  Marine  
  44  3:48  Marine  
  44  3:52  Factory  
  44  3:54  Unknown, Refinery  
  44  3:55  Orbital Command  
  45  3:56  SCV  
  45  3:58  SCV  
  47  4:03  Marine  
  47  4:04  Marine  
  47  4:06  Marine  
  47  4:08  SCV  
  51  4:10  SCV  
  51  4:14  Supply Depot  
  52  4:20  SCV x2, Engineering Bay  
  52  4:21  Refinery  
  54  4:26  Barracks Tech Lab, Marine  
  54  4:27  Marauder  
  57  4:33  SCV  
  57  4:38  SCV  
  60  4:41  Starport  
  60  4:43  Factory Reactor  
  59  4:49  Terran Infantry Weapons Level 1, Orbital Command  
  59  4:50  SCV x2  
  61  4:55  Marauder  
  61  4:56  Marauder, Marine x2  
  67  5:10  SCV x2, Combat Shields  
  69  5:24  Concussive Shells  
  69  5:25  Supply Depot  
  69  5:26  Supply Depot  
  69  5:29  Missile Turret  
  69  5:30  Missile Turret  
  69  5:32  Missile Turret  
  69  5:43  SCV  
  69  5:46  SCV x2  
  66  5:50  Medivac  
  66  5:51  Medivac  
  66  5:52  Marauder, Marine x2  
  66  5:53  Marauder  
  66  5:55  SCV  
  77  5:58  SCV x2  
  77  6:03  Supply Depot  
  79  6:07  SCV, Barracks  
  79  6:08  Barracks  
  79  6:09  Widow Mine  
  79  6:10  SCV x2  
  84  6:12  Marine  
  84  6:17  Refinery  
  85  6:19  Supply Depot  
  85  6:20  Marauder x2  
  89  6:26  SCV, Sensor Tower  
  89  6:27  Marine  
  89  6:30  SCV x2, Marine  
  93  6:42  Marauder x2  
  93  6:45  Marine  
  93  6:46  SCV  
  95  6:48  Marine, Widow Mine  
  95  6:52  SCV x2  
  93  7:02  Marine  
  93  7:03  SCV, Marauder, Marine  
  93  7:05  Barracks Tech Lab, Barracks Reactor  
  93  7:06  Viking x2, Marine  
  101  7:14  SCV  
  94  7:21  Marauder, SCV, Marine  
  94  7:22  SCV, Supply Depot x2  
  98  7:23  Marine  
  98  7:24  Marauder, Supply Depot  
  98  7:26  SCV  
  98  7:27  Widow Mine  
  104  7:31  Terran Infantry Armor Level 1  
  104  7:34  SCV x2  
  106  7:38  Missile Turret, SCV  
  106  7:42  Marauder  
  106  7:43  Missile Turret  
  107  7:46  SCV x2, Marauder  
  107  7:48  Marauder, Marine x3  
  107  7:51  SCV  
  114  7:58  SCV x2  
  104  8:05  SCV  
  104  8:12  Marine  
  109  8:13  Marauder x3, Marine x2  
  109  8:17  Medivac  
  109  8:18  Barracks  
  109  8:19  Barracks  
  115  8:20  Refinery x2  
  115  8:21  Barracks  
  115  8:22  Starport  
  115  8:24  Starport  
  115  8:25  Widow Mine  
  115  8:26  Armory, Engineering Bay  
  117  8:29  Sensor Tower  
  121  8:34  Marauder x3  
  123  8:48  Supply Depot  
  123  8:54  Medivac x2  
  133  8:55  Marauder x2  
  133  8:56  Marauder  
  78  9:10  Viking x2  
  134  9:17  Marauder  
  129  9:24  Viking x2, Marine  
  129  9:25  Marauder  
  134  9:36  Barracks Tech Lab x3, Marine  
  134  9:37  Marauder  
  134  9:38  Marauder  
  134  9:39  Command Center, Unknown, Viking  
  134  9:40  Supply Depot x2  
  134  9:42  Marine x3  
  137  9:46  Marauder  
  132  9:54  Viking, Marine  
  132  9:58  Marauder  
  132  9:59  Marauder  
  128  10:00  Marine x3  
  128  10:06  Marine x2  
  125  10:08  SCV x3, Marauder  
  125  10:10  Terran Infantry Armor Level 2, Terran Infantry Weapons Level 2  
  125  10:11  Factory Reactor  
  125  10:12  Starport Reactor, Marine  
  127  10:16  Marauder  
  127  10:18  Marine x2  
  127  10:19  Marauder  
  127  10:21  Marauder  
  133  10:23  SCV x3  
  133  10:24  Marauder, Marine  
  133  10:26  Marauder  
  139  10:29  Marauder  
  139  10:30  Marine  
  142  10:35  Marine  
  142  10:37  Medivac x2  
  142  10:38  Marauder  
  142  10:41  Marauder  
  142  10:42  Marauder  
  146  10:44  Marine  
  146  10:45  Marauder  
  146  10:49  Marauder, Marine  
  144  10:50  Unknown  
  144  10:51  Marauder, Marine  
  144  10:52  Viking  
  144  10:53  SCV x2  
  141  10:59  Marauder  
  141  11:02  Marauder, Marine  
  141  11:04  Marauder  
  148  11:11  SCV  
  149  11:12  Missile Turret  
  149  11:14  Missile Turret  
  149  11:19  Missile Turret  
  149  11:20  Missile Turret  
  149  11:21  Medivac x3  
  149  11:25  Planetary Fortress  
  155  11:35  Marauder, Marine  
  155  11:38  Marine x4  
  155  11:39  Marauder, Marine  
  165  12:00  Marauder x6, Marine x3  
  180  12:09  Viking x2, Marine  
  180  12:11  Starport  
  185  12:18  Viking x2  
  185  12:21  Marauder, Terran Ship Weapons Level 1  
  190  12:39  Supply Depot  
  188  12:45  Command Center, Unknown  
  188  12:49  Widow Mine  
  190  13:05  Viking x2  
  133  13:34  Marauder, Marine x2  
  133  13:35  Marauder x4, Marine  
  115  13:42  Marauder, Marine  
  115  13:44  Viking x5  
  115  13:52  Marine x2  
  115  13:53  Marine  
  112  13:55  Marine  
  112  13:56  Marauder x3, Marine  
Show
View Real Time Build Order
Export as new Build Order

puCK Protoss - Winner!

Build Orders: 1 Gate Expand, Colossus Rush 

Get SALT Encoding   

  12  0:01  Probe (Chrono Boost)  
  13  0:12  Probe (Chrono Boost)  
  14  0:18  Pylon  
  14  0:23  Probe (Chrono Boost)  
  15  0:36  Probe (Chrono Boost)  
  15  0:37  Gateway  
  16  0:43  Assimilator  
  16  0:47  Probe (Chrono Boost)  
  17  0:57  Probe (Chrono Boost)  
  18  1:08  Probe (Chrono Boost)  
  19  1:19  Probe (Chrono Boost)  
  20  1:27  Nexus, Unknown  
  20  1:38  Cybernetics Core  
  20  1:39  Probe (Chrono Boost)  
  21  1:44  Assimilator  
  21  1:49  Probe (Chrono Boost)  
  22  1:55  Pylon  
  22  2:00  Probe (Chrono Boost)  
  23  2:14  Adept, Mothership Core (Chrono Boost)  
  27  2:16  Warp Gate  
  27  2:24  Pylon  
  27  2:32  Probe (Chrono Boost)  
  28  2:38  Unknown  
  28  2:40  Probe (Chrono Boost)  
  28  2:43  Probe (Chrono Boost)  
  30  2:46  Robotics Facility  
  30  2:49  Adept  
  32  2:52  Probe (Chrono Boost)  
  32  2:55  Probe (Chrono Boost)  
  34  3:02  Assimilator  
  34  3:03  Probe (Chrono Boost)  
  35  3:08  Probe (Chrono Boost)  
  36  3:13  Probe (Chrono Boost)  
  36  3:15  Assimilator  
  36  3:16  Adept  
  40  3:21  Probe (Chrono Boost)  
  40  3:24  Probe (Chrono Boost)  
  41  3:30  Observer  
  41  3:33  Probe (Chrono Boost)  
  43  3:34  Probe (Chrono Boost)  
  43  3:37  Robotics Bay  
  44  3:45  Adept, Probe (Chrono Boost)  
  48  3:51  Pylon  
  48  3:52  Warp Prism  
  48  3:57  Probe (Chrono Boost)  
  48  4:00  Probe (Chrono Boost)  
  51  4:08  Pylon  
  51  4:09  Probe (Chrono Boost)  
  52  4:11  Probe (Chrono Boost)  
  53  4:20  Gravitic Drive  
  53  4:21  Probe x2 (Chrono Boost), Colossus  
  61  4:33  Probe (Chrono Boost)  
  61  4:38  Stargate  
  63  4:40  Probe (Chrono Boost)  
  63  4:44  Stargate  
  63  4:48  Probe (Chrono Boost)  
  64  4:54  Probe (Chrono Boost)  
  64  4:58  Pylon  
  66  5:01  Probe (Chrono Boost)  
  66  5:05  Extended Thermal Lance  
  66  5:07  Pylon  
  66  5:08  Colossus  
  72  5:24  Pylon  
  72  5:30  Nexus, Unknown  
  72  5:33  Phoenix  
  74  5:39  Phoenix  
  76  5:52  Probe (Chrono Boost)  
  76  5:53  Probe (Chrono Boost), Pylon  
  76  5:55  Colossus, Forge  
  85  6:04  Probe (Chrono Boost)  
  85  6:06  Phoenix  
  87  6:11  Phoenix  
  87  6:14  Probe (Chrono Boost), Assimilator  
  87  6:16  Probe (Chrono Boost)  
  91  6:23  Gateway  
  91  6:25  Gateway  
  92  6:26  Probe (Chrono Boost)  
  92  6:28  Probe (Chrono Boost)  
  93  6:34  Phoenix  
  93  6:38  Probe (Chrono Boost)  
  97  6:41  Probe (Chrono Boost)  
  97  6:42  Unknown  
  96  6:49  Phoenix  
  96  6:52  Probe (Chrono Boost)  
  99  6:55  Colossus  
  99  6:59  Phoenix  
  99  7:00  Probe (Chrono Boost)  
  102  7:04  Probe (Chrono Boost)  
  102  7:05  Probe (Chrono Boost)  
  110  7:21  Probe x2 (Chrono Boost)  
  110  7:22  Probe (Chrono Boost)  
  113  7:24  Assimilator  
  113  7:26  Protoss Ground Weapons Level 1  
  113  7:28  Photon Cannon  
  113  7:29  Phoenix  
  115  7:31  Photon Cannon  
  115  7:33  Probe x2 (Chrono Boost), Pylon  
  111  7:49  Observer  
  112  7:53  Probe (Chrono Boost)  
  112  7:54  Probe (Chrono Boost)  
  114  8:00  Phoenix  
  116  8:15  Probe x2 (Chrono Boost)  
  116  8:18  Phoenix, Twilight Council  
  120  8:20  Gateway  
  120  8:21  Gateway  
  120  8:23  Robotics Facility  
  120  8:25  Phoenix  
  122  8:37  Nexus, Unknown, Pylon  
  122  8:40  Pylon  
  122  8:42  Sentry  
  122  8:45  Pylon  
  122  8:48  Pylon  
  124  8:49  Pylon, Protoss Air Weapons Level 1  
  124  8:50  Colossus  
  124  8:52  Probe (Chrono Boost)  
  124  8:55  Phoenix x2, Pylon  
  130  8:56  Pylon  
  130  8:57  Probe (Chrono Boost)  
  130  8:58  Zealot  
  130  8:59  Pylon  
  136  9:28  Colossus  
  142  9:31  Phoenix x2  
  142  9:37  Colossus  
  150  9:48  Unknown  
  136  10:07  Probe (Chrono Boost)  
  136  10:20  Probe (Chrono Boost)  
  139  10:21  Probe x2 (Chrono Boost), Colossus  
  139  10:22  Probe (Chrono Boost)  
  139  10:23  Colossus  
  139  10:26  Adept x3  
  140  10:48  Probe (Chrono Boost)  
  140  10:49  Sentry  
  141  10:50  Sentry x2  
  141  10:54  Probe (Chrono Boost)  
  141  10:56  Protoss Ground Weapons Level 2  
  146  10:58  Assimilator  
  146  11:01  Blink  
  146  11:02  Assimilator  
  146  11:05  Pylon  
  146  11:07  Photon Cannon, Pylon  
  146  11:10  Colossus  
  145  11:12  Photon Cannon  
  145  11:13  Photon Cannon  
  145  11:14  Robotics Facility  
  145  11:15  Colossus  
  157  11:22  Stalker  
  157  11:23  Stalker x4  
  167  11:26  Photon Cannon  
  167  11:29  Photon Cannon  
  167  11:30  Photon Cannon  
  167  11:35  Pylon  
  167  11:37  Pylon x2  
  167  11:48  Phoenix x2  
  167  11:53  Stalker  
  167  11:54  Stalker x4  
  175  12:01  Observer  
  175  12:02  Observer  
  175  12:06  Photon Cannon  
  177  12:09  Observer, Photon Cannon  
  177  12:11  Photon Cannon  
  178  12:16  Templar Archives  
  178  12:18  Phoenix x2, Protoss Air Armor Level 1  
  178  12:22  Nexus, Unknown  
  182  12:25  Observer  
  182  12:26  Pylon  
  182  12:28  Pylon x2  
  182  12:29  Colossus  
  183  12:34  Pylon  
  189  12:43  Phoenix  
  189  12:46  Stalker x4  
  189  12:47  Stalker  
  199  12:51  Gateway  
  199  12:52  Gateway  
  199  13:17  Photon Cannon  
  199  13:20  Photon Cannon  
  199  13:34  Unknown  
  170  14:03  Stalker x4  
  170  14:05  Assimilator  
  170  14:08  Assimilator  
  178  14:12  Nexus, Unknown  
  178  14:17  Pylon  
Tags
 
Add a new tag
Caveats
  • Supply blocks, unpowered buildings, or Contaminate may cause inaccurate times.
  • Supply counts are checked every 10 seconds.